Cogmind - Beta 15 @@@ ROGUE MODE // 2025.10.12 @ 18:24:31 Player: Runagate Result: Destroyed by ZA-DOB(R) with Subdweller Shrapnel Launcher Performance ------------- Evolutions (0) 0 Regions Visited (2) 400 Robots Destroyed (23) 115 Value Destroyed (523) 523 Prototype IDs (0) 0 Alien Tech Used (0) 0 Bonus (0) 0 TOTAL SCORE: 1038 Bonus ------- None Cogmind --------- Core Integrity 0/250 Matter 300/300 Energy 99/100 System Corruption 0% Temperature Cool (0) Movement Core (50) Location -10/Subcaves Parts ------- > --- POWER (1) -------- (None) > --- PROPULSION (2) --- (None) > --- UTILITY (2) ------ (None) > --- WEAPON (2) ------- (None) > --- INVENTORY (5) ---- Aluminum Leg Aluminum Leg Medium Laser Medium Laser Assault Rifle Peak State ------------ > --- POWER ------------ Light Nuclear Core > --- PROPULSION ------- Aluminum Leg Aluminum Leg > --- UTILITY ---------- Heat Sink Medium Storage Unit > --- WEAPON ----------- Medium Laser Assault Rifle > --- INVENTORY -------- Ion Engine Aluminum Leg Aluminum Leg Aluminum Leg Large Storage Unit EM Pulse Gun Medium Laser Medium Laser Medium Laser Grenade Launcher [Rating: 10] Favorites ----------- Power Light Nuclear Core Engine Ion Engine Power Core Light Nuclear Core Propulsion Aluminum Leg Leg Aluminum Leg Utility Heat Sink Device Heat Sink Storage Small Storage Unit Weapon Medium Laser Energy Gun Medium Laser Ballistic Gun Assault Rifle Launcher Grenade Launcher Build | -11 -10 -10 ------- Run | Yrd Mat Sub Slots Evolved . | . . . Power . | . . . Propulsion . | . . . Utility . | . . . Weapon . | . . . Parts Attached 31 | 9 18 4 Power 6 | 2 3 1 Engine 5 | 2 2 1 Core 1 | . 1 . Reactor . | . . . Propulsion 10 | 2 8 . Treads . | . . . Leg 10 | 2 8 . Wheel . | . . . Hover . | . . . Flight . | . . . Utility 7 | 2 4 1 Device 4 | 1 2 1 Storage 3 | 1 2 . Processor . | . . . Hackware . | . . . Protection . | . . . Artifact . | . . . Weapon 8 | 3 3 2 Energy Gun 6 | 2 3 1 Energy Cannon . | . . . Ballistic Gun 1 | 1 . . Ballistic Cannon . | . . . Launcher 1 | . . 1 Special Weapon . | . . . Impact Weapon . | . . . Slashing Weapon . | . . . Piercing Weapon . | . . . Special Melee Weapon . | . . . Unidentified Prototypes . | . . . Parts Lost 9 | . 1 8 Power 2 | . . 2 Propulsion 1 | . . 1 Utility 3 | . 1 2 Weapon 3 | . . 3 Highest Loss Streak 7 | . 1 7 To Critical Strikes . | . . . Average Backups 7 | 1 8 9 Power 1 | . 1 . Propulsion 2 | . 2 2 Utility . | . . . Weapon 3 | . 3 4 Tool/Special . | . . . Unused Backups 2 | . 1 1 Power . | . . . Propulsion . | . . . Utility . | . . . Weapon 2 | . 1 1 Tool/Special . | . . . Average Slot Usage (%) 98 | . 99 94 Engine 6 | . 7 . Core 7 | . 6 12 Leg 27 | . 28 26 Device 13 | . 13 12 Storage 13 | . 14 13 Energy Gun 15 | . 14 18 Ballistic Gun 10 | . 14 . Launcher 1 | . . 7 Peak Build Rating 10 | 7 10 10 Average Rating 8 | 6 8 8 On Entrance 5 | . 7 10 Naked Turns 12 | . . 12 Heaviest Build 30 | 15 30 21 Greatest Support 20 | 20 20 20 Greatest Overweight (x) 1 | . 1 1 Average Overweight (x) . | . . . Largest Inventory Capacity 15 | 8 15 10 Average Capacity 8 | 7 8 9 Most Carried 10 | 2 10 10 Average Carried 7 | 1 8 9 Final Capacity 10 | 8 10 5 Final Carried 10 | 2 10 5 Class Distribution -------------------- 72% | Mutant 27% | Scavenger-Mutant Dominant Class ---------------- Mutant | -10/Materials Mutant | -10/Subcaves Resources | -11 -10 -10 ----------- Run | Yrd Mat Sub Matter Collected 787 | 329 353 105 Remotely . | . . . Salvage Created 834 | 211 478 145 Parts 51 | 17 28 6 Haulers Intercepted 1 | . 1 . Recyclers Shooed 1 | . 1 . Parts Field Recycled . | . . . Retrieved Matter . | . . . Parts Self-Destructed 8 | . . 8 Prevented . | . . . Kills | -11 -10 -10 ------- Run | Yrd Mat Sub Combat Hostiles Destroyed 12 | . 8 4 Guns 10 | . 8 2 AOE 2 | . . 2 Classes Destroyed 10 | 3 3 4 Worker 2 | 2 . . Tunneler 5 | 4 1 . Hauler 1 | . 1 . Recycler 1 | 1 . . Watcher 2 | . 2 . Swarmer 1 | . . 1 Grunt 8 | . 8 . Sentry 1 | . . 1 Cobbler 1 | . . 1 Subdweller 2 | . . 2 Best Kill Streak 2 | 2 2 1 Combat Bots Only 2 | . 2 1 Max Kills in Single Turn 2 | 1 2 1 Gunslinging . | . . . Exploded 1 | . . 1 Melee . | . . . Uniques/NPCs Destroyed . | . . . Combat | -11 -10 -10 -------- Run | Yrd Mat Sub Hostile Shots Fired 103 | . 62 41 Missed 32 | . 20 12 Hits 71 | . 42 29 Projectile 71 | . 42 29 AOE 3 | . . 3 Critical Strikes 2 | . 2 . Damage Taken 1236 | . 554 682 Core 305 | . 132 173 Absorbed by Shields . | . . . Regen/Repaired (Parts) 41 | . 41 . Core Remaining (%) 100 | 100 . . Volleys Fired 86 | 13 48 25 Largest 2 | 2 2 2 Hottest 100 | 70 70 100 Shots Fired 170 | 26 96 48 Gun 161 | 26 96 39 Cannon . | . . . Launcher 9 | . . 9 Special . | . . . Kinetic 61 | 13 48 . Thermal 92 | 13 48 31 Explosive 9 | . . 9 Electromagnetic 8 | . . 8 Robot Hit Streak 13 | 6 9 13 Robot Miss Streak 3 | 2 3 2 Penetration Max . | . . . Secondary Targets 1 | . 1 . Max Gunslinging Chain 1 | . 1 . Shots Hit Robots 115 | 15 65 35 Core Hits 44 | 8 23 13 Critical Kills . | . . . Critical Parts Destroyed . | . . . Critical Strikes 5 | . 2 3 Burn 5 | . 2 3 Melee Attacks . | . . . Impact . | . . . Slashing . | . . . Piercing . | . . . Sneak Attacks . | . . . Combat Hostiles . | . . . Follow-up Attacks . | . . . Damage Inflicted 1779 | 202 831 746 Guns 1337 | 202 817 318 Cannons . | . . . Explosions 428 | . . 428 Melee . | . . . Ramming 14 | . 14 . Kinetic 527 | 103 424 . Thermal 779 | 99 393 287 Explosive 428 | . . 428 Electromagnetic 31 | . . 31 Impact . | . . . Slashing . | . . . Piercing . | . . . Highest Corruption . | . . . Average Corruption . | . . . Corruption Purged . | . . . Corruption Blocked . | . . . Overload Shots . | . . . Overflow Damage . | . . . Projectiles . | . . . Explosions . | . . . Melee . | . . . Knockbacks . | . . . Impact . | . . . Kinetic . | . . . Secondary . | . . . Self-Inflicted Damage 10 | . . 10 Shots 1 | . . 1 Rammed . | . . . Targets Rammed 5 | . 5 . Kicked 5 | . 5 . Crushed . | . . . Highest Temperature 120 | 45 120 2 Average Temperature 39 | 18 52 2 Received Heat Transfer 513 | . 348 165 Siege Activations . | . . . Martial Activations . | . . . Shielding Activations . | . . . Robots Disrupted . | . . . Combat Hostiles . | . . . Robots Corrupted . | . . . Combat Hostiles . | . . . Parts Fried . | . . . Impact Corruptions . | . . . Robots Melted . | . . . Combat Hostiles . | . . . Parts Melted 4 | 1 3 . Heat Transferred 2665 | 296 1296 1073 Parts Sabotaged . | . . . Parts Stolen . | . . . Parts Stripped . | . . . Power Chain Reactions . | . . . Alert | -11 -10 -10 ------- Run | Yrd Mat Sub Maximum Alert Level . | . . . Low Security (%) 100 | 100 100 . Level 1 . | . . . Level 2 . | . . . Level 3 . | . . . Level 4 . | . . . Level 5 . | . . . High Security . | . . . Max Security . | . . . Peak Influence 110 | 10 110 . Initial . | . . . Average 22 | 3 25 . Influence Increases 375 | 35 300 40 Destroy 0b10 Robot/C 200 | . 160 40 Destroy 0b10 Robot/NC 55 | 35 20 . Destroy Leader 46 | . 46 . Successful Hack 28 | . 28 . Destroy Structure 1 | . 1 . Lose Combat Pursuer 45 | . 45 . Influence Decreases 375 | 35 300 40 Time Decay 355 | 35 290 30 Lost Part 20 | . 10 10 Squads Dispatched 1 | . 1 . Investigation 1 | . 1 . Extermination . | . . . Reinforcement . | . . . Assault . | . . . Garrison . | . . . Intercept . | . . . Searches Triggered . | . . . Construction Impeded . | . . . Haulers Reinforced . | . . . Active Scanning Responses . | . . . Cargo Convoy Interrupts . | . . . Stealth | -11 -10 -10 --------- Run | Yrd Mat Sub Distress Signals 1 | . 1 . Communications Jammed . | . . . Distress Signals . | . . . Times Spotted 25 | . 18 7 Peak Tracking Total 4 | . 4 2 Tactical Retreats 3 | . 3 . Traps | -11 -10 -10 ------- Run | Yrd Mat Sub Traps Triggered 1 | . 1 . Indirectly . | . . . Trap Hack Attempts . | . . . Triggered . | . . . Disarmed . | . . . Reprogrammed . | . . . Reused . | . . . Traps Extracted . | . . . Installed . | . . . Triggered . | . . . Machines | -11 -10 -10 ---------- Run | Yrd Mat Sub Machines Disabled . | . . . Max in Single Turn . | . . . Machines Repaired . | . . . Machines Dismantled . | . . . Machines Sabotaged . | . . . Overloaded Fab Kills . | . . . Hacking | -11 -10 -10 --------- Run | Yrd Mat Sub Machines Accessed 7 | . 7 . Terminals 5 | . 5 . Fabricators . | . . . Repair Stations 1 | . 1 . Recycling Units 1 | . 1 . Scanalyzers . | . . . Garrison Access . | . . . Total Hacks 16 | . 16 . Successful 9 | . 9 . Failed 7 | . 7 . Catastrophic . | . . . Database Lockouts . | . . . Manual 13 | . 13 . Terminals 10 | . 10 . Fabricators . | . . . Repair Stations 3 | . 3 . Recycling Units 3 | . 3 . Scanalyzers . | . . . Garrison Access . | . . . Terminal Hacks . | . . . Fabricator Hacks . | . . . Repair Station Hacks 2 | . 2 . Scan Component 1 | . 1 . Repair 1 | . 1 . Recycling Unit Hacks . | . . . Scanalyzer . | . . . Garrison Access Hacks . | . . . Unauthorized Hacks 7 | . 7 . Terminals 6 | . 6 . Operators 1 | . 1 . Skim 5 | . 5 . Fabricators . | . . . Repair Stations . | . . . Recycling Units 1 | . 1 . Recyclers 1 | . 1 . Scanalyzers . | . . . Garrison Access . | . . . Data Cores Recovered . | . . . Used . | . . . Hacking Detections 5 | . 5 . Full Trace Events 1 | . 1 . Feedback Events . | . . . Feedback Blocked . | . . . Robot Schematics Acquired . | . . . Robots Built . | . . . Authchips . | . . . Time . | . . . Total Robot Build Rating . | . . . Part Schematics Acquired . | . . . Parts Built . | . . . Authchips . | . . . Time . | . . . Total Part Build Rating . | . . . Parts Repaired 1 | . 1 . Time 26 | . 26 . Parts Recycled . | . . . Recycled Matter . | . . . Retrieved Matter . | . . . Retrieved Components . | . . . Parts Scanalyzed . | . . . Part Schematics Acquired . | . . . Parts Damaged . | . . . Bothacking | -11 -10 -10 ------------ Run | Yrd Mat Sub Used RIF Installer . | . . . Robots Hacked . | . . . Non-combat . | . . . Combat . | . . . Robot Hacks Applied . | . . . Relay Couplers Released . | . . . Fabnet Peak Effective % . | . . . Robots Rewired . | . . . Allies Hacked . | . . . Hacks Repelled . | . . . Allies | -11 -10 -10 -------- Run | Yrd Mat Sub Total Allies . | . . . Largest Group . | . . . Highest-Rated Group . | . . . Highest-Rated Ally . | . . . Total Orders . | . . . Ally Attacks . | . . . Total Damage . | . . . Kills . | . . . Allies Corrupted . | . . . Allies Melted . | . . . Intel | -11 -10 -10 ------- Run | Yrd Mat Sub Active Infowar (turns) 178 | 89 84 5 Optics 5 | . . 5 Seismic 173 | 89 84 . Robot Analysis Total . | . . . Derelict Logs Recovered . | . . . Drone Launches . | . . . Drone Recoveries . | . . . Exploration | -11 -10 -10 ------------- Run | Yrd Mat Sub Turns Passed 1545 | 142 1075 328 Spaces Moved 881 | 73 644 164 Core 26 | 2 . 24 Treads . | . . . Legs 855 | 71 644 140 Wheels . | . . . Hover . | . . . Flight . | . . . Fastest Speed 50 | 50 120 50 Average Speed 125 | 118 120 147 Slowest Speed 190 | 120 190 190 Overloaded Moves . | . . . Propulsion Burnouts . | . . . Robots Hopped . | . . . Potential Cave-ins . | . . . Cave-ins Triggered . | . . . Exploration Rate (%) 34 | 4 87 13 Regions Visited 2 Branch Regions 1 Pre-discovered Areas . | . . . Known Exits Taken . | . . . Unknown Exits Taken 2 | 1 1 . Scrap Searched . | . . . Spaces Dug . | . . . Terrain Destroyed 27 | . . 27 Melee . | . . . Projectile . | . . . AOE 27 | . . 27 Terrain Rammed . | . . . Walls Destroyed . | . . . Machines Disabled . | . . . Actions | -11 -10 -10 --------- Run | Yrd Mat Sub Total 1152 | 98 853 201 Wait 115 | 3 105 7 Move 879 | 72 643 164 Hop . | . . . Pick Up 11 | 1 10 . Fast Attach 8 | 7 . 1 Attach 4 | . 1 3 Detach . | . . . Swap 25 | 2 22 1 Drop 19 | . 19 . Fire 86 | 13 48 25 Melee . | . . . Ram . | . . . Kick 5 | . 5 . Crush . | . . . Escape Stasis . | . . . Rewire . | . . . Trap . | . . . Miscellaneous . | . . . Route ------- -11/Scrapyard -10/Materials (discovered 5 exits: *Mat x3 / [*Min] / [*Sub]) -10/Subcaves (discovered 3 exits: Mat x2 / Rec) History --------- Turn | Location | Event 17 | -11/Scrapyard | Discovered new exit (range 15) 143 | -11/Scrapyard | Entered Materials 319 | -10/Materials | Build established: Mutant 478 | -10/Materials | Discovered new exit (range 12) 558 | -10/Materials | Repaired Aluminum Leg 726 | -10/Materials | Core integrity fell below 50% 737 | -10/Materials | Discovered new exit (range 15) 776 | -10/Materials | Discovered new exit (range 16) 864 | -10/Materials | Build established: Scavenger-Mutant 909 | -10/Materials | Discovered new exit (range 14) 987 | -10/Materials | Learned location of 2 exits from Mines 1033 | -10/Materials | Learned location of 2 exits from Subcaves 1068 | -10/Materials | Learned 4 Subcaves zone layouts 1112 | -10/Materials | Learned Storage garrison access intel 1128 | -10/Materials | Learned 2 Mines zone layouts 1156 | -10/Materials | Identified exit to Materials 1156 | -10/Materials | Learned location of 1 exit from Materials 1218 | -10/Materials | Entered Subcaves 1219 | -10/Subcaves | Identified exit to Recycling 1220 | -10/Subcaves | Identified exit to Materials 1279 | -10/Subcaves | Build established: Mutant 1504 | -10/Subcaves | Ambushed by Subdweller buried in earth 1519 | -10/Subcaves | Core integrity fell below 20% 1534 | -10/Subcaves | Released all parts (3) 1546 | -10/Subcaves | Destroyed by ZA-DOB(R) with Subdweller Shrapnel Launcher Last Messages --------------- 01506_ Heat Sink destroyed. 01507_ Lgt. Assault Rifle fries itself beyond repair. 01510_ Aluminum Leg destroyed. 01516_ Ion Engine destroyed. 01517_ Subatomizers dissect the Sub. Optics. 01518_ L7-TEC(R) suffers critical hit (Burn). 01523_ L7-TEC(R) heat spikes uncontrollably. 01524_ L7-TEC(R) destroyed. 01528_ Subatomizers dissect the Sub. Optics, destroying it. 01529_ Acquired Sub. Optics. 01534_ Sub. Optics destroyed. 01534_ Med. Laser destroyed. 01534_ Released Med. Storage Unit. 01534_ Released Aluminum Leg. 01534_ Released Med. Laser. 01539_ KZ-BGX(u) tweaks Twisted Machinery. 01543_ Subatomizers dissect the Sub. Beam Cannon. Map ----- +----------------------------------------------------+ | ?????????????????????????????????????????????????? | | ?????????????????????????????????????????????????? | | ????